Cogmind - Beta 14 @@@ ROGUE MODE // 2024.08.31 @ 15:44:52 Player: puppuppit Result: Destroyed by G-67 Veteran with Plasma Rifle Performance ------------- Evolutions (7) 3500 Regions Visited (24) 4800 Robots Destroyed (432) 2160 Value Destroyed (15365) 15365 Prototype IDs (102) 2040 Alien Tech Used (2) 400 Bonus (15835) 15835 TOTAL SCORE: 44100 Bonus ------- Triggered High Security 500 Triggered Max Security 1000 High Alert Combat Kills 6428 Follower Combat Kills 4054 Entered Garrisons 200 Used RIF Installer 500 Entered DSFs 500 Aligned with FarCom 300 Met Zhirov 300 Built Enhanced Grunts 300 A7 Reached Mainframe 300 Met R17 at Cetus 500 Met R17 at Research 2000 Scanned by Researcher 500 Friendly Fire -1547 Cogmind --------- Core Integrity 0/1300 Matter 170/300 Energy 99/100 System Corruption 3% Temperature Cool (12) Movement Core (50) Location -3/Testing Parts ------- > --- POWER (2) -------- (None) > --- PROPULSION (6) --- (None) > --- UTILITY (10) ----- Advanced Targeting Computer Advanced Target Analyzer > --- WEAPON (3) ------- (None) > --- INVENTORY (5) ---- Recoil Stabilizer Advanced Weapon Cycler Relay Coupler [Proto] (9) Relay Coupler [Proto] (9) Tactical Quantum Warhead Peak State ------------ > --- POWER ------------ Micro Fission Core Micro Antimatter Reactor > --- PROPULSION ------- Antigrav System Combat Gravmag System Antigrav Array Antigrav Array > --- UTILITY ---------- Advanced Heat Sink Large Storage Unit Advanced Weight Redist. System Improved Target Analyzer Advanced Target Analyzer Centrium Heavy Armor Plating Advanced Hacking Suite Experimental Hacking Suite Advanced System Shield > --- WEAPON ----------- Heavy Gauss Cannon Heavy Gauss Cannon Tactical Quantum Warhead > --- INVENTORY -------- Micro Fission Core Antigrav System Antigrav System Antigrav System Antigrav System Recoil Stabilizer Advanced Weapon Cycler Advanced Reaction Control System Centrium Medium Armor Plating Relay Coupler [Proto] Relay Coupler [Proto] Advanced System Restoration Module Cooled Phase Gun Advanced KE Penetrator Heavy Gauss Cannon [Rating: 150] Favorites ----------- Power Micro Fission Core Engine Light Deuterium Engine Power Core Micro Fission Core Reactor Micro Antimatter Reactor Propulsion Cooled VTOL Module Wheel Wheel Hover Unit Hover Unit Flight Unit Cooled VTOL Module Utility Medium Storage Unit Device Advanced Heat Sink Storage Medium Storage Unit Processor Core Analyzer Hackware Advanced System Shield Protection Layered Medium Armor Plating Weapon Precision Assault Rifle Energy Gun Cooled Phase Gun Ballistic Gun Precision Assault Rifle Ballistic Cannon Hardcell Cannon Launcher Long-range Missile Launcher Impact Weapon Heavy Mace Piercing Weapon Enhanced Force Lance Special Melee Weapon Improved Datajack Build | -11 -10 -10 -10 -9 -8 -7 -6 -6 -6 -6 -5 -5 -5 -5 -4 -4 -4 -4 -4 -4 -4 -4 -3 -3 ------- Run | Yrd Mat Min Exi Min Mat Fac Fac Gar Fac DSF Fac Upp Upp Zhi Pro Fac Was Fac Ext Cet Arc Hub Res Tes Slots Evolved 14 | . . . . . 4 2 2 . . . 2 . . . . 2 . . . . . . 2 . Power 1 | . . . . . . . 1 . . . . . . . . . . . . . . . . . Propulsion 4 | . . . . . 2 1 . . . . . . . . . . . . . . . . 1 . Utility 8 | . . . . . 2 . 1 . . . 2 . . . . 2 . . . . . . 1 . Weapon 1 | . . . . . . 1 . . . . . . . . . . . . . . . . . . Parts Attached 501 | 11 20 7 1 6 33 28 62 59 2 9 85 9 7 8 4 23 . 35 14 6 . 2 42 28 Power 71 | 1 7 2 . . 2 6 15 10 . 1 11 . . 1 1 . . 4 2 . . . 6 2 Engine 28 | 1 5 2 . . 1 3 10 3 . . 2 . . . . . . . . . . . 1 . Core 38 | . 2 . . . 1 3 4 7 . 1 9 . . 1 1 . . 3 2 . . . 3 1 Reactor 5 | . . . . . . . 1 . . . . . . . . . . 1 . . . . 2 1 Propulsion 156 | 6 6 . . 2 13 3 24 20 . 1 18 2 2 3 2 6 . 13 7 . . . 16 12 Treads . | . . . . . . . . . . . . . . . . . . . . . . . . . Leg . | . . . . . . . . . . . . . . . . . . . . . . . . . Wheel 27 | 6 3 . . . . . 10 8 . . . . . . . . . . . . . . . . Hover 41 | . 3 . . 2 1 . 7 4 . . 1 . . . . 3 . . 2 . . . 8 10 Flight 88 | . . . . . 12 3 7 8 . 1 17 2 2 3 2 3 . 13 5 . . . 8 2 Utility 114 | 2 3 . . 1 8 10 9 9 2 4 23 2 2 4 . 4 . 12 2 2 . . 7 8 Device 42 | 1 2 . . . 1 3 2 6 1 2 6 2 . 1 . . . 3 2 1 . . 4 5 Storage 10 | 1 1 . . . 1 . 1 . . . 2 . . 1 . 1 . 1 . . . . 1 . Processor 21 | . . . . 1 1 5 1 . 1 1 5 . 1 . . . . 3 . . . . . 2 Hackware 27 | . . . . . 3 1 4 . . 1 10 . . 1 . 3 . 4 . . . . . . Protection 14 | . . . . . 2 1 1 3 . . . . 1 1 . . . 1 . 1 . . 2 1 Artifact . | . . . . . . . . . . . . . . . . . . . . . . . . . Weapon 160 | 2 4 5 1 3 10 9 14 20 . 3 33 5 3 . 1 13 . 6 3 4 . 2 13 6 Energy Gun 18 | 1 . . . . . . . . . . . . . . . . . 5 3 2 . 2 5 . Energy Cannon . | . . . . . . . . . . . . . . . . . . . . . . . . . Ballistic Gun 73 | 1 4 3 1 2 6 5 12 10 . 2 18 1 2 . . 1 . . . 2 . . 2 1 Ballistic Cannon 35 | . . . . . 2 . . 7 . . 7 4 . . . 9 . 1 . . . . 3 2 Launcher 30 | . . 2 . 1 1 2 2 2 . 1 8 . 1 . 1 3 . . . . . . 3 3 Special Weapon . | . . . . . . . . . . . . . . . . . . . . . . . . . Impact Weapon 1 | . . . . . 1 . . . . . . . . . . . . . . . . . . . Slashing Weapon . | . . . . . . . . . . . . . . . . . . . . . . . . . Piercing Weapon 1 | . . . . . . . . 1 . . . . . . . . . . . . . . . . Special Melee Weapon 2 | . . . . . . 2 . . . . . . . . . . . . . . . . . . Unidentified Prototypes 23 | . . . . . 3 1 3 . . . 5 . . 3 . . . 1 . 3 . 1 2 1 Corrupted Parts 4 | . . . . . . . . . . 1 2 . . . 1 . . . . . . . . . System Corruption 13 | . . . . . . . . . . 2 5 . . . 6 . . . . . . . . . Parts Lost 128 | . 1 . . 3 2 2 31 10 . 4 16 5 3 . 1 14 . 7 . 3 . . 2 24 Power 22 | . 1 . . . . . 7 1 . 2 4 . . . . 2 . . . 1 . . 1 3 Propulsion 57 | . . . . 2 1 . 12 5 . . 8 2 3 . 1 7 . 6 . . . . 1 9 Utility 29 | . . . . 1 1 2 4 3 . 1 1 2 . . . 2 . 1 . 2 . . . 9 Weapon 20 | . . . . . . . 8 1 . 1 3 1 . . . 3 . . . . . . . 3 Highest Loss Streak 24 | . 1 . . 3 1 1 6 2 . 4 5 2 2 . 1 5 . 3 . 3 . . 1 24 To Critical Strikes 1 | . . . . . . . . . . . . . . . . . . . . . . . . 1 Average Slot Usage (%) 84 | . 99 100 100 74 85 96 89 77 80 72 82 71 60 58 66 63 36 75 91 97 94 94 89 72 Engine 3 | . 9 14 14 2 . 4 6 5 . . . . . . . . . . . . . . . . Core 3 | . 4 . . . 5 2 1 2 13 5 7 5 4 2 5 3 . 2 9 9 5 5 2 1 Wheel 2 | . 8 . . . . . 6 11 . . . . . . . . . . . . . . . . Hover 5 | . 18 28 28 27 7 . 2 6 . . . . . . . 2 . . 1 . . . 13 17 Flight 16 | . . . . . 25 38 21 5 20 20 18 22 19 17 23 11 5 19 22 26 26 26 10 . Device 5 | . 14 14 14 1 2 1 2 10 16 6 1 5 5 5 5 2 . 1 2 4 5 5 8 12 Storage 5 | . 14 14 14 14 9 7 6 . . . 4 5 5 5 5 4 . 3 . . . . 3 3 Processor 9 | . . . . 11 8 8 10 13 16 22 4 11 12 16 11 10 10 10 15 15 15 15 9 12 Hackware 12 | . . . . . 10 8 10 . . 1 26 10 5 5 11 24 21 26 28 25 21 21 16 3 Protection 1 | . . . . . 4 2 1 3 . . . . . 2 1 . . . . . 5 5 3 4 Energy Gun 1 | . 2 . . . . . . . . . . . . . . . . 7 9 9 5 5 3 2 Ballistic Gun 9 | . 25 20 28 16 5 16 16 2 . 8 13 4 1 . . . . . . 4 10 10 3 . Ballistic Cannon 2 | . . . . . 7 . . 10 13 3 . 2 2 . . 2 . . . . . . 3 6 Peak Build Rating 150 | 9 11 10 11 12 44 57 63 91 83 83 102 77 70 73 73 98 39 120 121 129 125 125 150 150 Average Rating 68 | 5 8 9 9 9 30 51 51 57 80 76 87 71 59 58 67 70 39 89 116 126 125 124 141 121 On Entrance 60 | . 9 9 9 11 9 39 55 22 83 80 81 69 65 46 73 69 39 39 68 121 125 125 125 143 Naked Turns . | . . . . . . . . . . . . . . . . . . . . . . . . . Heaviest Build 89 | 13 18 17 17 17 23 27 46 56 36 35 39 36 35 29 29 34 . 49 24 31 31 31 86 89 Greatest Support 88 | 32 26 18 18 18 26 31 62 42 36 39 39 29 29 31 40 32 7 37 40 35 35 35 86 88 Greatest Overweight (x) 4 | . . . . . 2 1 2 4 . . 2 1 1 . . 3 . 1 1 . . . 1 1 Average Overweight (x) . | . . . . . . . . . . . . . . . . . . . . . . . . . Largest Inventory Capacity 15 | 8 10 10 10 10 10 10 10 10 5 5 10 10 10 10 10 10 5 10 5 5 5 5 15 15 Average Capacity 8 | 7 9 10 10 10 10 10 9 5 5 5 9 10 10 10 10 9 5 8 5 5 5 5 13 14 Most Carried 15 | 5 10 10 10 10 10 10 10 10 5 5 10 10 10 10 10 10 4 10 5 5 5 5 15 15 Average Carried 8 | 1 8 9 9 9 9 9 8 5 5 4 8 8 9 9 9 8 4 7 4 5 5 5 11 12 Final Capacity 15 | 8 10 10 10 10 10 10 10 5 5 5 10 10 10 10 10 5 5 5 5 5 5 5 15 15 Final Carried 15 | 5 10 10 10 10 10 10 7 5 5 5 10 8 10 10 10 4 4 5 5 5 5 5 15 15 Class Distribution -------------------- 19% | Hacker-Sprinter 15% | Mutant 13% | Wizard-Sprinter 8% | Scavenger-Mutant 8% | Sprinter 8% | Scavenger-Gunner 5% | Hacker-Gunner 5% | Wizard-Mutant 4% | Hacker-Mutant 3% | Hacker-Skirmisher Dominant Class ---------------- Mutant | -10/Materials Mutant | -10/Mines Mutant | -10/Exiles Mutant | -9/Mines Hacker-Sprinter | -8/Materials Sprinter | -7/Factory Hacker-Sprinter | -6/Factory Scavenger-Gunner | -6/Garrison Scavenger-Mutant | -6/Factory Scavenger-Gunner | -6/DSF Hacker-Skirmisher | -5/Factory Hacker-Sprinter | -5/Upper Caves Sprinter | -5/Upper Caves Mutant | -5/Zhirov Hacker-Sprinter | -4/Proximity Caves Wizard-Mutant | -4/Factory Hacker-Mutant | -4/Waste Wizard-Sprinter | -4/Factory Wizard-Sprinter | -4/Extension Wizard-Sprinter | -4/Cetus Hacker-Sprinter | -4/Archives Hacker-Sprinter | -4/Hub_04(d) Hacker-Gunner | -3/Research Mutant | -3/Testing Resources | -11 -10 -10 -10 -9 -8 -7 -6 -6 -6 -6 -5 -5 -5 -5 -4 -4 -4 -4 -4 -4 -4 -4 -3 -3 ----------- Run | Yrd Mat Min Exi Min Mat Fac Fac Gar Fac DSF Fac Upp Upp Zhi Pro Fac Was Fac Ext Cet Arc Hub Res Tes Matter Collected 15294 | 327 733 144 . 169 783 1732 2495 2181 294 349 1912 266 108 . 110 1076 . 635 164 76 56 124 739 821 Remotely . | . . . . . . . . . . . . . . . . . . . . . . . . . Salvage Created 17909 | 144 861 152 . 265 443 3006 3335 927 366 615 2438 54 45 . 87 1592 . 1472 138 108 271 349 646 595 Parts 900 | 21 74 22 . 13 32 188 155 50 11 23 98 . 4 . 6 72 . 43 11 3 15 10 25 24 Haulers Intercepted 23 | . 2 . . . 2 6 1 . . . 4 . . . . 2 . 2 . . . 2 2 . Recyclers Shooed 16 | . 1 . . . 1 4 1 . 1 . 2 . . . . 3 . 2 1 . . . . . Parts Field Recycled . | . . . . . . . . . . . . . . . . . . . . . . . . . Retrieved Matter . | . . . . . . . . . . . . . . . . . . . . . . . . . Parts Self-Destructed 8 | . . . . . . . . . . . . . 8 . . . . . . . . . . . Prevented 2 | . . . . . . . . . . . . . 1 . 1 . . . . . . . . . Kills | -11 -10 -10 -10 -9 -8 -7 -6 -6 -6 -6 -5 -5 -5 -5 -4 -4 -4 -4 -4 -4 -4 -4 -3 -3 ------- Run | Yrd Mat Min Exi Min Mat Fac Fac Gar Fac DSF Fac Upp Upp Zhi Pro Fac Was Fac Ext Cet Arc Hub Res Tes Combat Hostiles Destroyed 243 | . 13 8 . 4 6 17 42 31 . 6 21 3 3 . 3 28 . 11 2 . 3 1 10 31 Melee 1 | . . . . . . . . 1 . . . . . . . . . . . . . . . . Guns 108 | . 12 2 . 2 3 16 38 2 . 3 5 . . . . . . 9 2 . 3 1 5 5 Cannons 44 | . . . . . 2 . . 21 . 2 4 3 3 . . 4 . . . . . . 1 4 AOE 87 | . 1 6 . 2 1 1 4 7 . 1 10 . . . 3 24 . 1 . . . . 4 22 Classes Destroyed 21 | 2 7 . . 1 . 1 5 3 . 1 . . . . . . . . . . . . 1 . Worker 40 | . 5 2 . . 2 15 8 . 1 . 3 . . . . 4 . . . . . . . . Builder 37 | . 3 . . 1 4 11 10 . . . 1 . . . . 4 . 3 . . . . . . Tunneler 14 | 5 1 1 . 2 . 4 . . . . . . . . . 1 . . . . . . . . Hauler 23 | . 2 . . . 2 6 1 . . . 4 . . . . 2 . 2 . . . 2 2 . Recycler 43 | 1 2 . . 1 . 15 5 . 3 . 7 . . . . 5 . 4 . . . . . . Mechanic 1 | . . . . . . . 1 . . . . . . . . . . . . . . . . . Operator 8 | . 2 . . . 2 2 . . . . 1 . . . . . . . . . . 1 . . Watcher 25 | . 2 . . . 2 5 2 . . . 2 . . . . 6 . . 1 1 . 1 2 1 Swarmer 64 | . 5 8 . . . . 3 16 . 4 2 . 3 . 3 12 . . 1 . . . 4 3 Saboteur 3 | . . . . . . . . 1 . . 1 . . . . . . . . . . . . 1 Grunt 94 | . 8 . . 2 5 13 27 4 . . 8 . . . . 11 . 6 . . . 1 2 7 Brawler 7 | . . . . . . . 1 2 . . 1 . . . . 1 . . . . . . 1 1 Duelist 8 | . . . . . . . 2 . . . 1 . . . . . . . . . . . . 5 Protector 8 | . . . . . . . 2 . . . 2 . . . . . . . . . . . . 4 Sentry 22 | . . . . 2 1 3 1 3 . . 1 1 . . . . . 1 1 . 3 . 2 3 Specialist 1 | . . . . . . . . . . 1 . . . . . . . . . . . . . . Hunter 11 | . . . . . . . . 1 . 1 3 . . . . . . 2 . . . . . 4 Programmer 21 | . . . . . . 1 4 2 . . 4 1 . . . 4 . 2 . . . . . 3 Heavy 1 | . . . . . . . 1 . . . . . . . . . . . . . . . . . Behemoth 3 | . . . . . . . . 2 . . . 1 . . . . . . . . . . . . Executioner 1 | . . . . . . . . . . . . . . . . . . . . . . . 1 . Guerrilla 1 | . . . . . . . . . . . . . . . . . . . . 1 . . . . Best Kill Streak 21 | 6 5 3 . 4 5 8 12 4 4 4 5 1 3 . 3 17 . 3 1 1 2 2 5 21 Combat Bots Only 20 | . 4 3 . 3 3 3 6 4 . 4 4 1 3 . 3 10 . 3 1 . 2 1 5 20 Max Kills in Single Turn 6 | 1 2 3 . 2 1 2 2 3 1 2 4 1 1 . 3 4 . 3 1 1 1 1 3 6 Gunslinging 1 | . . . . . . . 1 . . 1 . . . . . . . . . . . . . . Exploded 6 | . 1 3 . 2 1 1 2 3 . 1 3 . . . 3 4 . 1 . . . . 2 6 Melee 1 | . . . . . . . . 1 . . . . . . . . . . . . . . . . Uniques/NPCs Destroyed 1 | . . . . . . . 1 . . . . . . . . . . . . . . . . . 7R-MNS (-6/Factory) Combat | -11 -10 -10 -10 -9 -8 -7 -6 -6 -6 -6 -5 -5 -5 -5 -4 -4 -4 -4 -4 -4 -4 -4 -3 -3 -------- Run | Yrd Mat Min Exi Min Mat Fac Fac Gar Fac DSF Fac Upp Upp Zhi Pro Fac Was Fac Ext Cet Arc Hub Res Tes Hostile Shots Fired 1873 | . 47 16 . 26 33 89 342 206 . 20 203 42 33 . 27 121 . 128 13 5 4 . 39 479 Missed 790 | . 19 3 . 8 13 42 145 85 . 8 84 13 17 . 15 54 . 52 5 3 2 . 19 203 Damage Taken 19701 | . 291 97 . 221 393 604 3523 1654 . 345 2051 574 356 . 215 1697 . 1380 126 114 60 . 528 5472 Core 4225 | . 44 15 . 63 113 69 578 167 . 13 483 104 68 . 88 447 . 590 21 23 30 . 20 1289 Absorbed by Shields 1196 | . . . . . . . . . . 5 470 . . . . . . . 55 11 . . . 655 Redirected to Shielding 71 | . . . . . . 71 . . . . . . . . . . . . . . . . . . Ignored by Resistances 20 | . . . . . . . . . . . . . 10 . 10 . . . . . . . . . Regen/Repaired (Parts) 258 | . 36 . . . . 80 42 . . . 43 . . . . . . 57 . . . . . . Core Remaining (%) 50 | 100 . . . 51 79 90 . . . 10 . . . . 25 . . . . . . 1 . . Volleys Fired 1149 | 8 73 13 . 18 75 141 178 137 7 27 127 20 7 . 1 104 . 73 36 7 7 21 34 35 Largest 3 | 2 2 2 . 2 2 3 3 3 2 3 3 2 1 . 1 2 . 2 2 3 3 3 3 3 Hottest 200 | 60 60 40 . 50 78 84 88 183 131 131 140 80 80 . 80 101 . 156 156 193 96 96 148 200 Shots Fired 2222 | 16 146 20 . 31 115 312 460 217 13 43 265 25 9 . 1 107 . 134 69 18 19 46 78 78 Gun 1652 | 16 146 18 . 28 33 310 450 30 . 24 219 . 4 . . 4 . 132 69 18 19 46 62 24 Cannon 498 | . . . . . 79 . . 176 13 18 37 25 4 . . 82 . 2 . . . . 14 48 Launcher 72 | . . 2 . 3 3 2 10 11 . 1 9 . 1 . 1 21 . . . . . . 2 6 Special . | . . . . . . . . . . . . . . . . . . . . . . . . . Kinetic 1836 | 8 129 18 . 28 112 310 450 206 13 42 256 25 8 . . 86 . 2 . 5 14 26 45 53 Thermal 289 | . . . . . . . . . . . . . . . . . . 132 69 13 5 20 31 19 Explosive 57 | . . 2 . 3 . 2 10 11 . . . . . . . 21 . . . . . . 2 6 Electromagnetic 40 | 8 17 . . . 3 . . . . 1 9 . 1 . 1 . . . . . . . . . Robot Hit Streak 23 | 6 8 4 . 9 9 23 22 22 6 8 9 5 6 . . 12 . 10 16 2 10 7 4 12 Robot Miss Streak 8 | 2 7 3 . 1 3 5 5 5 1 2 6 2 1 . . 4 . 3 2 8 1 2 3 2 Penetration Max 1 | . . . . . . . . . . . . . . . . 1 . . . . . 1 1 1 Secondary Targets 15 | . 1 . . . . 1 9 . . 2 1 . . . . . . . . . . . 1 . Max Gunslinging Chain 1 | . 1 . . . . 1 1 . . 1 1 . . . . . . . . . . . 1 . Shots Hit Robots 1376 | 10 80 11 . 21 64 211 317 133 8 36 137 17 6 . . 59 . 90 43 6 16 23 37 51 Core Hits 848 | 7 42 10 . 14 27 101 161 61 5 18 112 6 7 . 7 77 . 39 16 3 5 9 27 94 Critical Kills 12 | 1 1 . . . . . 1 . . 1 . . . . . . . . . . 2 2 4 . Critical Parts Destroyed 16 | . . . . . . 4 2 . . . . . . . . . . . . . 3 3 3 1 Critical Strikes 91 | 1 1 . . . 3 4 3 7 . 2 . 1 . . . 7 . 14 8 2 7 8 12 11 Burn 29 | . . . . . . . . . . . . . . . . . . 14 8 2 . 2 1 2 Destroy 31 | 1 1 . . . . 4 3 . . 1 . . . . . . . . . . 7 6 7 1 Blast 31 | . . . . . 3 . . 7 . 1 . 1 . . . 7 . . . . . . 4 8 Melee Attacks 3 | . . . . . . 3 . . . . . . . . . . . . . . . . . . Impact . | . . . . . . . . . . . . . . . . . . . . . . . . . Slashing . | . . . . . . . . . . . . . . . . . . . . . . . . . Piercing . | . . . . . . . . . . . . . . . . . . . . . . . . . Sneak Attacks 3 | . . . . . . 3 . . . . . . . . . . . . . . . . . . Combat Hostiles 2 | . . . . . . 2 . . . . . . . . . . . . . . . . . . Follow-up Attacks . | . . . . . . . . . . . . . . . . . . . . . . . . . Damage Inflicted 55341 | 176 1135 506 . 577 1556 4289 8102 5006 319 1163 6340 695 334 . 127 7685 . 3303 1388 362 488 697 2203 8890 Guns 23816 | 155 1014 140 . 238 487 4145 6948 340 . 391 2642 . 29 . . 59 . 2792 1388 362 488 697 892 609 Cannons 10936 | . . . . . 956 . . 3791 319 553 730 695 129 . . 2151 . . . . . . 418 1194 Explosions 20483 | 21 121 366 . 339 113 144 1154 875 . 219 2968 . 176 . 127 5475 . 511 . . . . 893 6981 Melee . | . . . . . . . . . . . . . . . . . . . . . . . . . Ramming 106 | . . . . . . . . . . . . . . . . . . . . . . . . 106 Kinetic 28972 | 75 868 140 . 238 1443 4145 6948 4131 319 944 3372 695 158 . . 2210 . . . 82 384 489 941 1390 Thermal 8738 | 21 121 . . . . . 62 . . . 1199 . . . . 1781 . 2792 1388 280 104 208 369 413 Explosive 15312 | . . 366 . 339 . 144 1092 875 . . 417 . . . . 3694 . 511 . . . . 893 6981 Electromagnetic 2213 | 80 146 . . . 113 . . . . 219 1352 . 176 . 127 . . . . . . . . . Impact . | . . . . . . . . . . . . . . . . . . . . . . . . . Slashing . | . . . . . . . . . . . . . . . . . . . . . . . . . Piercing . | . . . . . . . . . . . . . . . . . . . . . . . . . Highest Corruption 20 | . . . . . 3 1 5 5 5 7 11 11 14 14 20 3 9 9 . . . . . 5 Average Corruption 4 | . . . . . 3 1 1 5 5 5 3 11 12 14 14 2 6 7 . . . . . 3 Corruption Purged 9 | . . . . . . 1 . . . . 2 . . . . . . 2 . . . . . 4 Corruption Blocked . | . . . . . . . . . . . . . . . . . . . . . . . . . Effects 141 | . . . . . . 2 4 50 2 6 14 14 11 3 6 12 1 14 . . . . . 2 Message Errors 31 | . . . . . . . . 15 1 3 4 1 1 1 1 2 1 1 . . . . . . Matter Fused 35 | . . . . . . . 3 9 1 1 1 4 6 1 1 1 . 7 . . . . . . Heat Flow Errors 13 | . . . . . . 1 . 3 . . 2 1 1 . . 3 . 1 . . . . . 1 Energy Discharges 16 | . . . . . . 1 1 6 . . 2 . . . 1 3 . 2 . . . . . . Parts Fused 1 | . . . . . . . . . . . 1 . . . . . . . . . . . . . Data Loss (minor) 18 | . . . . . . . . 10 . . 1 1 . 1 . 2 . 2 . . . . . 1 Data Loss (major) 7 | . . . . . . . . 1 . 1 1 2 . . 1 1 . . . . . . . . Misfires 8 | . . . . . . . . 3 . 1 . 1 2 . . . . 1 . . . . . . Alerts 6 | . . . . . . . . 3 . . . 2 . . 1 . . . . . . . . . Misdirections 3 | . . . . . . . . . . . . 1 1 . 1 . . . . . . . . . Weapon Failures 3 | . . . . . . . . . . . 2 1 . . . . . . . . . . . . Overload Shots 43 | . . . . . . . . . . . . . . . . . . 12 10 3 . 6 7 5 Effects 3 | . . . . . . . . . . . . . . . . . . 1 . . . 1 1 . Energy Bleed 1 | . . . . . . . . . . . . . . . . . . . . . . . 1 . Heat Surge 1 | . . . . . . . . . . . . . . . . . . . . . . 1 . . Short Circuit 1 | . . . . . . . . . . . . . . . . . . 1 . . . . . . Overflow Damage 1576 | . . 11 . 8 30 . 40 229 27 . 76 18 . . . 670 . 16 . . . . 42 409 Projectiles 483 | . . . . . 30 . . 63 27 . 11 18 . . . 286 . . . . . . 15 33 Explosions 1093 | . . 11 . 8 . . 40 166 . . 65 . . . . 384 . 16 . . . . 27 376 Melee . | . . . . . . . . . . . . . . . . . . . . . . . . . Knockbacks 55 | . . . . . 2 . . 15 1 . 5 3 . . . 19 . . . . . . 2 8 Impact 1 | . . . . . . . . . . . . . . . . . . . . . . . . 1 Kinetic 48 | . . . . . 2 . . 14 1 . 5 3 . . . 17 . . . . . . 2 4 Secondary 6 | . . . . . . . . 1 . . . . . . . 2 . . . . . . . 3 Self-Inflicted Damage 853 | . . . . . 6 . 68 96 . . 51 . 5 . 13 277 . . . . . . 52 285 Shots 23 | . . . . . 1 . 1 2 . . 7 . 1 . 2 5 . . . . . . 1 3 Rammed 7 | . . . . . . . . . . . . . . . . . . . . . . . . 7 Targets Rammed 7 | . . . . . . . . . . . . . . . . . . . . . . . . 7 Kicked . | . . . . . . . . . . . . . . . . . . . . . . . . . Crushed . | . . . . . . . . . . . . . . . . . . . . . . . . . Highest Temperature 369 | 15 24 . . 25 38 276 152 369 51 32 229 136 280 . 99 245 . 162 212 185 . 163 64 345 Average Temperature 47 | 10 9 . . 13 11 31 29 80 20 21 58 72 76 . 47 80 . 45 32 34 . 85 18 145 Received Heat Transfer 3733 | . 117 . . 126 162 168 1330 300 . . 329 75 72 . 21 114 . 284 22 18 9 . 30 556 Effects 5 | . . . . . . . . . . . . . 1 . . . . . . . . . . 4 Shutdowns 1 | . . . . . . . . . . . . . . . . . . . . . . . . 1 Energy Bleed 1 | . . . . . . . . . . . . . 1 . . . . . . . . . . . Interference 3 | . . . . . . . . . . . . . . . . . . . . . . . . 3 Siege Activations . | . . . . . . . . . . . . . . . . . . . . . . . . . Robots Corrupted 2 | . . . . . . . . . . . 2 . . . . . . . . . . . . . Combat Hostiles 2 | . . . . . . . . . . . 2 . . . . . . . . . . . . . Parts Fried 3 | . . . . . . . . . . . 1 . . . . . . . 1 1 . . . . Impact Corruptions . | . . . . . . . . . . . . . . . . . . . . . . . . . Robots Melted 1 | . . . . . . . . . . . . . . . . . . 1 . . . . . . Combat Hostiles 1 | . . . . . . . . . . . . . . . . . . 1 . . . . . . Parts Melted 22 | . . . . . . . 5 . . . . . . . . . . 14 . 1 . . 2 . Heat Transferred 11333 | 50 100 . . . . . 50 . . . 825 . . . . 1075 . 4594 2313 515 148 444 564 655 Parts Sabotaged 5 | . . . . . . . . 3 . . . . . . . . . . . . . . . 2 Parts Stolen . | . . . . . . . . . . . . . . . . . . . . . . . . . Parts Stripped . | . . . . . . . . . . . . . . . . . . . . . . . . . Power Chain Reactions 4 | 1 2 . . . 1 . . . . . . . . . . . . . . . . . . . Alert | -11 -10 -10 -10 -9 -8 -7 -6 -6 -6 -6 -5 -5 -5 -5 -4 -4 -4 -4 -4 -4 -4 -4 -3 -3 ------- Run | Yrd Mat Min Exi Min Mat Fac Fac Gar Fac DSF Fac Upp Upp Zhi Pro Fac Was Fac Ext Cet Arc Hub Res Tes Peak Influence 2754 | 30 332 277 . 117 368 509 1798 2754 1485 1206 2521 . . . . 1439 511 710 1141 700 393 365 549 2500 Initial 1445 | . 19 46 . . 1 25 249 1244 1445 1043 632 . . . . 91 496 357 347 660 192 137 189 224 Average 806 | 14 161 168 . 75 176 236 951 1954 1460 1135 1242 . . . . 997 505 505 488 601 328 237 360 1921 Maximum Alert Level 5 | . 1 1 . . 1 2 5 5 4 4 5 . . . . 4 2 3 4 3 1 1 2 5 Low Security (%) 20 | 100 68 83 . 100 52 41 . . . . . . . . . 7 . . 20 . 7 26 3 . Level 1 22 | . 31 16 . . 47 46 15 . . . . . . . . 3 . 22 35 . 92 73 82 . Level 2 15 | . . . . . . 11 24 . . . 16 . . . . 3 100 67 15 99 . . 13 . Level 3 12 | . . . . . . . 18 . . 34 41 . . . . 37 . 10 27 . . . . . Level 4 13 | . . . . . . . 32 32 100 65 12 . . . . 47 . . . . . . . . Level 5 11 | . . . . . . . 8 67 . . 11 . . . . . . . . . . . . . High Security 2 | . . . . . . . . . . . 19 . . . . . . . . . . . . . Max Security 1 | . . . . . . . . . . . . . . . . . . . . . . . . 99 Sterilizations 1 | . . . . . . . . . . 1 . . . . . . . . . . . . . . Squads Dispatched 128 | . 3 . . . 7 18 30 . . 1 26 . . . . 13 . 10 . . . 1 5 14 Investigation 48 | . 1 . . . 4 15 10 . . . 7 . . . . 4 . 4 . . . . 3 . Extermination 9 | . . . . . . 2 2 . . . 1 . . . . 2 . 2 . . . . . . Reinforcement 31 | . 2 . . . 3 1 8 . . 1 4 . . . . 6 . 3 . . . 1 2 . Assault 31 | . . . . . . . 4 . . . 11 . . . . 1 . 1 . . . . . 14 Garrison 9 | . . . . . . . 6 . . . 3 . . . . . . . . . . . . . Intercept . | . . . . . . . . . . . . . . . . . . . . . . . . . Searches Triggered . | . . . . . . . . . . . . . . . . . . . . . . . . . Construction Impeded 8 | . . . . . 1 . 3 . . . . . . . . 3 . 1 . . . . . . Haulers Reinforced 6 | . . . . . . 1 1 . . . 1 . . . . 1 . 1 . . . . 1 . Active Scanning Responses . | . . . . . . . . . . . . . . . . . . . . . . . . . Cargo Convoy Interrupts . | . . . . . . . . . . . . . . . . . . . . . . . . . Stealth | -11 -10 -10 -10 -9 -8 -7 -6 -6 -6 -6 -5 -5 -5 -5 -4 -4 -4 -4 -4 -4 -4 -4 -3 -3 --------- Run | Yrd Mat Min Exi Min Mat Fac Fac Gar Fac DSF Fac Upp Upp Zhi Pro Fac Was Fac Ext Cet Arc Hub Res Tes Distress Signals 21 | . . . . . 2 3 2 . . . 2 . . . . 4 . 2 . 2 . . 3 1 Communications Jammed . | . . . . . . . . . . . . . . . . . . . . . . . . . Distress Signals . | . . . . . . . . . . . . . . . . . . . . . . . . . Times Spotted 652 | . 21 6 . 4 23 36 116 37 1 6 104 3 18 . 11 53 5 42 42 10 2 6 24 82 Peak Tracking Total 35 | . 4 3 . 3 5 6 9 6 1 4 17 2 5 . 7 11 5 14 6 5 2 3 8 35 Tactical Retreats 55 | . 1 . . . 2 . 15 2 . . 12 . 2 . 2 8 . 5 2 . . . 2 2 Traps | -11 -10 -10 -10 -9 -8 -7 -6 -6 -6 -6 -5 -5 -5 -5 -4 -4 -4 -4 -4 -4 -4 -4 -3 -3 ------- Run | Yrd Mat Min Exi Min Mat Fac Fac Gar Fac DSF Fac Upp Upp Zhi Pro Fac Was Fac Ext Cet Arc Hub Res Tes Traps Triggered 25 | . 1 . . . . 1 1 7 . 4 2 . 1 . . 1 . 2 3 . . . . 2 Indirectly . | . . . . . . . . . . . . . . . . . . . . . . . . . Trap Hack Attempts 10 | . . . . . . 10 . . . . . . . . . . . . . . . . . . Triggered . | . . . . . . . . . . . . . . . . . . . . . . . . . Disarmed 3 | . 3 . . . . . . . . . . . . . . . . . . . . . . . Reprogrammed 25 | . . . . . . 2 6 . . . . . . . . 11 . . . . . . 6 . Reused 2 | . . . . . . . 1 . . . . . . . . 1 . . . . . . . . Traps Extracted . | . . . . . . . . . . . . . . . . . . . . . . . . . Installed . | . . . . . . . . . . . . . . . . . . . . . . . . . Triggered 4 | . . . . . . . 1 . . . . . 2 . . 1 . . . . . . . . Machines | -11 -10 -10 -10 -9 -8 -7 -6 -6 -6 -6 -5 -5 -5 -5 -4 -4 -4 -4 -4 -4 -4 -4 -3 -3 ---------- Run | Yrd Mat Min Exi Min Mat Fac Fac Gar Fac DSF Fac Upp Upp Zhi Pro Fac Was Fac Ext Cet Arc Hub Res Tes Machines Disabled 90 | . 3 . . . 3 2 7 6 . . 26 . . . . 22 . 6 5 . 2 2 2 4 Max in Single Turn 11 | . 3 . . . 1 1 3 1 . . 11 . . . . 5 . 2 1 . 1 1 1 4 Garrison Access 7 | . . . . . . . 1 . . . . . . . . 2 . 1 . . . . 3 . Garrison Relay 5 | . . . . . . . . 5 . . . . . . . . . . . . . . . . Machines Repaired . | . . . . . . . . . . . . . . . . . . . . . . . . . Machines Dismantled . | . . . . . . . . . . . . . . . . . . . . . . . . . Machines Sabotaged . | . . . . . . . . . . . . . . . . . . . . . . . . . Overloaded Fab Kills . | . . . . . . . . . . . . . . . . . . . . . . . . . Hacking | -11 -10 -10 -10 -9 -8 -7 -6 -6 -6 -6 -5 -5 -5 -5 -4 -4 -4 -4 -4 -4 -4 -4 -3 -3 --------- Run | Yrd Mat Min Exi Min Mat Fac Fac Gar Fac DSF Fac Upp Upp Zhi Pro Fac Was Fac Ext Cet Arc Hub Res Tes Machines Accessed 147 | . 6 1 5 1 12 21 16 2 1 . 16 . 1 9 . 19 . 8 9 3 . 3 14 . Terminals 79 | . 5 1 . 1 10 10 6 2 1 . 10 . . . . 11 . 1 9 3 . 3 6 . Fabricators 18 | . . . . . . 4 4 . . . 3 . . . . 3 . 4 . . . . . . Repair Stations 13 | . 1 . . . . 3 3 . . . 1 . . . . 2 . 1 . . . . 2 . Recycling Units 2 | . . . . . . 2 . . . . . . . . . . . . . . . . . . Scanalyzers 12 | . . . . . 2 2 1 . . . 2 . . . . 1 . 1 . . . . 3 . Garrison Access 8 | . . . . . . . 2 . . . . . . . . 2 . 1 . . . . 3 . Total Hacks 609 | . 14 5 50 3 44 60 54 5 1 . 76 . 1 48 . 98 . 22 47 13 . 13 55 . Successful 359 | . 9 4 50 1 20 18 31 1 1 . 35 . 1 48 . 49 . 18 23 9 . 8 33 . Failed 245 | . 4 . . 2 23 42 22 4 . . 41 . . . . 48 . 4 24 4 . 5 22 . Catastrophic 47 | . . . . 1 2 11 3 2 . . 9 . . . . 13 . 1 3 . . 1 1 . Database Lockouts 5 | . 1 1 . . 1 . 1 . . . . . . . . 1 . . . . . . . . Manual 134 | . 4 3 1 2 20 5 13 . . . 12 . . . . 38 . . 20 1 . 6 9 . Terminals 322 | . 10 5 . 3 38 32 25 5 1 . 34 . . . . 66 . 1 47 13 . 13 29 . Fabricators 68 | . . . . . . 13 17 . . . 16 . . . . 9 . 13 . . . . . . Repair Stations 37 | . 4 . . . . 6 7 . . . 2 . . . . 8 . 5 . . . . 5 . Recycling Units 5 | . . . . . . 5 . . . . . . . . . . . . . . . . . . Scanalyzers 69 | . . . . . 6 4 2 . . . 24 . . . . 13 . 2 . . . . 18 . Garrison Access 9 | . . . . . . . 3 . . . . . . . . 2 . 1 . . . . 3 . Terminal Hacks 236 | . 6 4 50 1 15 7 10 1 1 . 8 . 1 48 . 26 . 1 23 9 . 8 17 . Record 101 | . . 1 49 . 1 . . . . . . . . 36 . . . . . 8 . 2 4 . Part Schematic 11 | . . . . . . 1 . . . . . . . 4 . 4 . . 2 . . . . . Robot Schematic 6 | . . . . . . . 2 . . . . . . . . 2 . . 2 . . . . . Robot Analysis 29 | . 1 2 . . 3 . 2 . . . . . . 4 . 8 . . 6 . . . 3 . Prototype ID Bank 22 | . 1 . . . 4 3 2 . . . 1 . . 4 . 1 . . 2 . . 1 3 . Open Door 7 | . . . . . . . . . . . . . 1 . . . . 1 4 1 . . . . Open DSF 1 | . . . . . . . . . 1 . . . . . . . . . . . . . . . Level Access Points 2 | . . . . . . . . . . . . . . . . . . . . . . 1 1 . Branch Access Points 6 | . . . . . 1 1 . . . . 1 . . . . 1 . . 1 . . . 1 . Emergency Access Points 2 | . . . . . . . . 1 . . . . . . . . . . . . . 1 . . Machine Index 1 | . . . . . . . . . . . . . . . . . . . . . . 1 . . Terminal Index 7 | . . . . . 1 1 1 . . . 1 . . . . 1 . . 1 . . . 1 . Fabricator Index 2 | . . . . . . . . . . . 1 . . . . . . . . . . . 1 . Garrison Index 1 | . . . . . . . . . . . 1 . . . . . . . . . . . . . Unreport Threat 8 | . 1 . . . 2 . . . . . . . . . . 1 . . 4 . . . . . Locate Traps 4 | . 2 . . . . . . . . . 1 . . . . 1 . . . . . . . . Disarm Traps 1 | . 1 . . . . . . . . . . . . . . . . . . . . . . . Reprogram Traps 7 | . . . . . . . 2 . . . . . . . . 4 . . . . . . 1 . Dispatch Records 1 | . . . . 1 . . . . . . . . . . . . . . . . . . . . Security Status 2 | . . . . . . . 1 . . . . . . . . . . . . . . 1 . . Patrol Status 3 | . . . . . 1 . . . . . . . . . . 1 . . . . . 1 . . Recall Investigation 2 | . . . . . 1 . . . . . . . . . . 1 . . . . . . . . Recall Reinforcements 1 | . . . . . . . . . . . . . . . . . . . . . . . 1 . Hauler Manifests 1 | . . . . . . 1 . . . . . . . . . . . . . . . . . . Zone Layout 7 | . . 1 . . 1 . . . . . 2 . . . . 1 . . 1 . . . 1 . Derelict Proto ID Bank 1 | . . . 1 . . . . . . . . . . . . . . . . . . . . . Fabricator Hacks 44 | . . . . . . 4 12 . . . 12 . . . . 6 . 10 . . . . . . Network Status 5 | . . . . . . 1 1 . . . . . . . . 2 . 1 . . . . . . Load Schematic 20 | . . . . . . 2 6 . . . 6 . . . . 2 . 4 . . . . . . Build 19 | . . . . . . 1 5 . . . 6 . . . . 2 . 5 . . . . . . Repair Station Hacks 23 | . 3 . . . . 5 5 . . . 2 . . . . 3 . 4 . . . . 1 . Scan Component 12 | . 1 . . . . 3 2 . . . 1 . . . . 2 . 2 . . . . 1 . Repair 9 | . 1 . . . . 2 2 . . . 1 . . . . 1 . 2 . . . . . . Refit 2 | . 1 . . . . . 1 . . . . . . . . . . . . . . . . . Recycling Unit Hacks . | . . . . . . . . . . . . . . . . . . . . . . . . . Scanalyzer 48 | . . . . . 5 2 2 . . . 13 . . . . 12 . 2 . . . . 12 . Insert Component 19 | . . . . . 2 1 1 . . . 5 . . . . 6 . 1 . . . . 3 . Analyze 29 | . . . . . 3 1 1 . . . 8 . . . . 6 . 1 . . . . 9 . Garrison Access Hacks 8 | . . . . . . . 2 . . . . . . . . 2 . 1 . . . . 3 . Unlock Access 1 | . . . . . . . 1 . . . . . . . . . . . . . . . . . Seal Access 7 | . . . . . . . 1 . . . . . . . . 2 . 1 . . . . 3 . Unauthorized Hacks . | . . . . . . . . . . . . . . . . . . . . . . . . . Terminals . | . . . . . . . . . . . . . . . . . . . . . . . . . Fabricators . | . . . . . . . . . . . . . . . . . . . . . . . . . Repair Stations . | . . . . . . . . . . . . . . . . . . . . . . . . . Recycling Units . | . . . . . . . . . . . . . . . . . . . . . . . . . Scanalyzers . | . . . . . . . . . . . . . . . . . . . . . . . . . Garrison Access . | . . . . . . . . . . . . . . . . . . . . . . . . . Data Cores Recovered . | . . . . . . . . . . . . . . . . . . . . . . . . . Used . | . . . . . . . . . . . . . . . . . . . . . . . . . Hacking Detections 103 | . 4 . . 1 12 19 10 2 . . 14 . . . . 16 . 4 5 2 . 3 11 . Full Trace Events 45 | . . . . . 5 15 9 1 . . 7 . . . . 3 . 4 . . . . 1 . Feedback Events 2 | . . . . . . 1 . . . . . . . . . 1 . . . . . . . . Corruption 2 | . . . . . . 1 . . . . . . . . . 1 . . . . . . . . Feedback Blocked . | . . . . . . . . . . . . . . . . . . . . . . . . . Robot Schematics Acquired 6 | . . . . . . . 2 . . . . . . . . 2 . . 2 . . . . . Robots Built 28 | . . . . . . 4 4 . . . 12 . . . . 2 . 6 . . . . . . Authchips 6 | . . . . . . . 2 . . . 4 . . . . . . . . . . . . . Time 1511 | . . . . . . 67 335 . . . 536 . . . . 67 . 506 . . . . . . Total Robot Build Rating 124 | . . . . . . 16 16 . . . 48 . . . . 8 . 36 . . . . . . Part Schematics Acquired 27 | . . . . . 2 2 1 . . . 5 . . 4 . 8 . 1 2 . . . 2 . Parts Built 6 | . . . . . . . 2 . . . . . . . . 2 . 2 . . . . . . Authchips . | . . . . . . . . . . . . . . . . . . . . . . . . . Time 513 | . . . . . . . 268 . . . . . . . . 117 . 128 . . . . . . Total Part Build Rating 38 | . . . . . . . 8 . . . . . . . . 14 . 16 . . . . . . Parts Repaired 7 | . 1 . . . . 2 1 . . . 1 . . . . . . 2 . . . . . . Time 506 | . 38 . . . . 130 140 . . . 50 . . . . 89 . 59 . . . . . . Parts Recycled . | . . . . . . . . . . . . . . . . . . . . . . . . . Recycled Matter . | . . . . . . . . . . . . . . . . . . . . . . . . . Retrieved Matter . | . . . . . . . . . . . . . . . . . . . . . . . . . Retrieved Components . | . . . . . . . . . . . . . . . . . . . . . . . . . Parts Scanalyzed 18 | . . . . . 2 1 1 . . . 5 . . . . 5 . 1 . . . . 3 . Part Schematics Acquired 16 | . . . . . 2 1 1 . . . 5 . . . . 4 . 1 . . . . 2 . Parts Damaged 3 | . . . . . . . 1 . . . . . . . . 1 . . . . . . 1 . Bothacking | -11 -10 -10 -10 -9 -8 -7 -6 -6 -6 -6 -5 -5 -5 -5 -4 -4 -4 -4 -4 -4 -4 -4 -3 -3 ------------ Run | Yrd Mat Min Exi Min Mat Fac Fac Gar Fac DSF Fac Upp Upp Zhi Pro Fac Was Fac Ext Cet Arc Hub Res Tes Used RIF Installer 1 | . . . . . . . . 1 . . . . . . . . . . . . . . . . Robots Hacked 1 | . . . . . . 1 . . . . . . . . . . . . . . . . . . Non-combat . | . . . . . . . . . . . . . . . . . . . . . . . . . Combat 1 | . . . . . . 1 . . . . . . . . . . . . . . . . . . Robot Hacks Applied 1 | . . . . . . 1 . . . . . . . . . . . . . . . . . . parse_system 1 | . . . . . . 1 . . . . . . . . . . . . . . . . . . Relay Couplers Released 22 | . . . . . . . . 21 . . . . . . . . . . . . . . 1 . Machine Destruction 22 | . . . . . . . . 21 . . . . . . . . . . . . . . 1 . Fabnet Peak Effective % . | . . . . . . . . . . . . . . . . . . . . . . . . . Robots Rewired 33 | . . . . . . 1 . 2 . . . . . . . 1 . . 29 . . . . . Allies Hacked 10 | . . . . . . . 1 . . . 9 . . . . . . . . . . . . . Hacks Repelled 1 | . . . . . . . . . . . 1 . . . . . . . . . . . . . Allies | -11 -10 -10 -10 -9 -8 -7 -6 -6 -6 -6 -5 -5 -5 -5 -4 -4 -4 -4 -4 -4 -4 -4 -3 -3 -------- Run | Yrd Mat Min Exi Min Mat Fac Fac Gar Fac DSF Fac Upp Upp Zhi Pro Fac Was Fac Ext Cet Arc Hub Res Tes Total Allies 86 | . . 3 . 1 . 5 5 2 . . 21 . . . . 3 . 6 35 5 . . . . Largest Group 18 | . . 3 3 1 1 4 2 2 . . 11 . . . . 2 . 2 18 17 5 3 1 . Highest-Rated Group 857 | . . 77 77 31 31 56 78 194 . . 424 . . . . 74 . 108 857 828 439 260 80 . Highest-Rated Ally 159 | . . 31 31 31 31 32 41 109 . . 65 . . . . 37 . 54 159 143 143 91 80 . Total Orders 12 | . . . . . . . . 2 . . 2 . . . . . . . . 8 . . . . STAY 7 | . . . . . . . . 1 . . 1 . . . . . . . . 5 . . . . FOLLOW 5 | . . . . . . . . 1 . . 1 . . . . . . . . 3 . . . . Ally Attacks 623 | . . . . . 20 25 43 17 . 8 153 . . . . 1 . 32 226 79 16 3 . . Total Damage 18712 | . . . . . 1058 305 1731 882 . 267 3578 . . . . 143 . 725 6623 2749 558 93 . . Kills 118 | . . . . . 5 4 10 5 . 2 30 . . . . 1 . 5 44 9 2 1 . . Allies Corrupted . | . . . . . . . . . . . . . . . . . . . . . . . . . Allies Melted 1 | . . . . . . . . . . . 1 . . . . . . . . . . . . . Turrets Deployed 3 | . . . . . 1 . 1 . . 1 . . . . . . . . . . . . . . Intel | -11 -10 -10 -10 -9 -8 -7 -6 -6 -6 -6 -5 -5 -5 -5 -4 -4 -4 -4 -4 -4 -4 -4 -3 -3 ------- Run | Yrd Mat Min Exi Min Mat Fac Fac Gar Fac DSF Fac Upp Upp Zhi Pro Fac Was Fac Ext Cet Arc Hub Res Tes Robot Analysis Total 29 | . 1 2 . . 3 . 2 . . . . . . 4 . 8 . . 6 . . . 3 . Derelict Logs Recovered 6 | . . 1 . 2 . . . . . . . 1 2 . . . . . . . . . . . Drone Launches . | . . . . . . . . . . . . . . . . . . . . . . . . . Drone Recoveries . | . . . . . . . . . . . . . . . . . . . . . . . . . Exploration | -11 -10 -10 -10 -9 -8 -7 -6 -6 -6 -6 -5 -5 -5 -5 -4 -4 -4 -4 -4 -4 -4 -4 -3 -3 ------------- Run | Yrd Mat Min Exi Min Mat Fac Fac Gar Fac DSF Fac Upp Upp Zhi Pro Fac Was Fac Ext Cet Arc Hub Res Tes Turns Passed 16196 | 91 880 432 266 489 665 1801 1521 2109 97 220 1823 299 250 73 110 938 33 1023 1131 405 88 204 961 287 Spaces Moved 23286 | 52 912 598 437 694 1078 3465 1898 2166 184 268 3038 836 550 187 286 1442 81 1283 1274 466 77 244 1587 183 Core 78 | 1 . . . . 1 . . . . . . . . . . 63 . . . . . . . 13 Treads . | . . . . . . . . . . . . . . . . . . . . . . . . . Legs . | . . . . . . . . . . . . . . . . . . . . . . . . . Wheels 1218 | 51 178 . . . . . 164 825 . . . . . . . . . . . . . . . . Hover 4371 | . 734 598 437 694 112 . 114 349 . . . . . . . 251 . . 215 . . . 700 167 Flight 17619 | . . . . . 965 3465 1620 992 184 268 3038 836 550 187 286 1128 81 1283 1059 466 77 244 887 3 Fastest Speed 17 | 50 56 56 56 56 26 23 23 23 35 35 23 27 27 27 17 23 40 30 29 29 29 29 25 35 Average Speed 38 | 93 62 56 56 56 34 23 35 61 35 38 37 27 29 30 25 41 40 36 34 29 29 29 36 57 Slowest Speed 355 | 100 90 56 56 56 150 92 236 355 35 42 172 102 102 34 27 200 40 116 110 29 29 29 105 105 Overloaded Moves 16 | . . . . . . . . . . . . . . . 16 . . . . . . . . . Propulsion Burnouts . | . . . . . . . . . . . . . . . . . . . . . . . . . Robots Hopped 178 | . . . . . 15 49 17 . 2 . 28 4 . . 4 11 . 18 21 . . 3 5 1 Cave-ins Triggered . | . . . . . . . . . . . . . . . . . . . . . . . . . Teleports 1 | . . . . . . . . . . . . . . . . . . 1 . . . . . . Exploration Rate (%) 59 | 4 93 98 90 97 77 54 29 91 7 97 49 78 59 62 45 36 87 23 90 79 74 17 32 29 Regions Visited 24 Branch Regions 12 Pre-discovered Areas 6 | . . 1 1 1 . . . . . . . . . 3 . . . . . . . . . . Known Exits Taken 7 | . . . . . . . 1 . 1 . 1 . . . . . . 1 1 . . 1 1 . Unknown Exits Taken 13 | 1 1 1 1 1 1 1 . . . . . 1 1 1 1 . . . . 1 1 . . . Scrap Searched 12 | . . 2 . 2 . . . . . . . 4 3 . 1 . . . . . . . . . Spaces Dug 34 | . . . . . . . . . 3 . 6 . . . . 11 . 2 . . . 6 6 . Terrain Destroyed 1197 | 4 24 26 . 22 7 11 149 154 5 2 134 8 1 . . 224 . 26 . 1 6 16 43 334 Melee . | . . . . . . . . . . . . . . . . . . . . . . . . . Projectile 148 | . . . . . 4 . . 23 5 2 16 8 1 . . 33 . 4 . 1 6 16 10 19 AOE 1049 | 4 24 26 . 22 3 11 149 131 . . 118 . . . . 191 . 22 . . . . 33 315 Terrain Rammed . | . . . . . . . . . . . . . . . . . . . . . . . . . Walls Destroyed . | . . . . . . . . . . . . . . . . . . . . . . . . . Machines Disabled . | . . . . . . . . . . . . . . . . . . . . . . . . . Actions | -11 -10 -10 -10 -9 -8 -7 -6 -6 -6 -6 -5 -5 -5 -5 -4 -4 -4 -4 -4 -4 -4 -4 -3 -3 --------- Run | Yrd Mat Min Exi Min Mat Fac Fac Gar Fac DSF Fac Upp Upp Zhi Pro Fac Was Fac Ext Cet Arc Hub Res Tes Total 28304 | 72 1091 673 458 762 1253 4118 2380 2741 200 342 3490 879 630 201 316 1670 80 1690 1881 718 126 336 1900 297 Wait 2637 | . 35 52 15 39 20 473 187 202 8 8 203 12 57 . 28 81 . 244 441 237 43 71 178 3 Move 22916 | 51 911 597 436 693 1047 3367 1865 2163 180 267 2982 827 549 186 277 1420 80 1247 1235 465 76 238 1576 181 Hop 167 | . . . . . 15 48 15 . 1 . 27 4 . . 4 11 . 17 17 . . 2 5 1 Pick Up 195 | 2 21 1 3 2 25 18 17 19 . 4 19 2 2 2 . 5 . 14 11 . . . 24 4 Fast Attach 216 | 7 7 . . 1 15 9 23 34 2 6 31 2 4 5 2 8 . 20 6 6 . 2 16 10 Attach 141 | . 1 . . 2 5 6 20 14 . . 23 6 2 2 2 13 . 11 6 . . . 12 16 Detach 125 | . 2 . . 2 4 6 15 14 . 1 28 3 3 2 2 10 . 11 3 . . . 12 7 Swap 146 | 4 12 7 1 3 13 13 19 11 . 3 31 1 1 2 . 2 . 5 2 . . . 14 2 Drop 264 | . 29 3 3 2 34 24 23 36 2 7 14 2 5 2 . 11 . 12 11 3 . 2 29 10 Fire 1149 | 8 73 13 . 18 75 141 178 137 7 27 127 20 7 . 1 104 . 73 36 7 7 21 34 35 Melee 3 | . . . . . . 3 . . . . . . . . . . . . . . . . . . Ram 7 | . . . . . . . . . . . . . . . . . . . . . . . . 7 Kick . | . . . . . . . . . . . . . . . . . . . . . . . . . Crush . | . . . . . . . . . . . . . . . . . . . . . . . . . Escape Stasis 174 | . . . . . . . 18 60 . 19 . . . . . . . 36 20 . . . . 21 Rewire 154 | . . . . . . . . 51 . . 5 . . . . 5 . . 93 . . . . . Trap 10 | . . . . . . 10 . . . . . . . . . . . . . . . . . . Miscellaneous . | . . . . . . . . . . . . . . . . . . . . . . . . . Route ------- -11/Scrapyard -10/Materials (discovered 4 exits: [*Mat x3] / *Min) -10/Mines (discovered 3 exits: [*Mat x2] / *Exi) -10/Exiles -9/Mines -8/Materials (discovered 2 exits: *Fac x2) -7/Factory (discovered 6 exits: *Fac x3 / *Sto / *Low x2) -6/Factory (discovered 2 exits: *Fac / Gar) -6/Garrison (discovered 3 exits: *Fac x3) -6/Factory -6/DSF -5/Factory (discovered 4 exits: *Fac x2 / *Upp x2) -5/Upper Caves -5/Upper Caves -5/Zhirov -4/Proximity Caves -4/Factory (discovered 7 exits: *Res x2 / *Upp x2 / *Ext x2 / Arm) -4/Waste -4/Factory (discovered 2 exits: *Res / *Ext) -4/Extension (discovered 2 exits: *Res / *Cet) -4/Cetus (discovered 2 exits: *Res / [*Arc]) -4/Archives (discovered 2 exits: *Hub x2) -4/Hub_04(d) (discovered 4 exits: *Res x4) -3/Research (discovered 5 exits: *Res x3 / *Tes x2) -3/Testing History --------- Turn | Location | Event 15 | -11/Scrapyard | Discovered new exit (range 16) 92 | -11/Scrapyard | Entered Materials 333 | -10/Materials | Build established: Mutant 399 | -10/Materials | Central database locked down 492 | -10/Materials | Discovered new exit (range 5) 500 | -10/Materials | Discovered new exit (range 14) 601 | -10/Materials | Repaired Lgt. Nuclear Core 694 | -10/Materials | Build established: Scavenger-Mutant 753 | -10/Materials | Discovered new exit (range 16) 876 | -10/Materials | Discovered new exit (range 16) 972 | -10/Materials | Entered Mines 1017 | -10/Mines | Learned Materials emergency access door positions 1039 | -10/Mines | Discovered new exit (range 4) 1107 | -10/Mines | Discovered new exit (range 11) 1112 | -10/Mines | Build established: Mutant 1113 | -10/Mines | Central database locked down 1235 | -10/Mines | Found a damaged Exp. Sensor Array with a note attached 1246 | -10/Mines | Found Prototype Device 1286 | -10/Mines | A weapon hastily lodged in a ceiling crevice suddenly fell to the ground 1302 | -10/Mines | Escorted by a lone wolf Derelict 1381 | -10/Mines | Learned location of Storage (-7) 1389 | -10/Mines | Deemed a non-threat by the Exiles lab entrance 1389 | -10/Mines | Discovered new exit (range 5) 1404 | -10/Mines | Entered Exiles 1404 | -10/Exiles | Accompanied by 3 allies 1421 | -10/Exiles | Met 8R-AWN 1434 | -10/Exiles | Led the pair of lost Derelicts to a safe place 1445 | -10/Exiles | Met EX-HEX 1482 | -10/Exiles | Met EX-DEC 1499 | -10/Exiles | Visited The Gauntlet 1562 | -10/Exiles | Learned location of Zion (-7) 1572 | -10/Exiles | Met EX-BIN 1580 | -10/Exiles | Aligned with FarCom system 1580 | -10/Exiles | Given EX-Vault access code 1603 | -10/Exiles | Opened EX-Vault 1607 | -10/Exiles | Found Deploy-a-Sentry 1609 | -10/Exiles | Found Deploy-a-Sentry 1612 | -10/Exiles | Found Deploy-a-Sentry 1624 | -10/Exiles | Warned to stay clear of 0b10 Research branches 1664 | -10/Exiles | Discovered new exit (range 11) 1670 | -10/Exiles | Left Exiles lab with Deploy-a-Sentry 1670 | -10/Exiles | Entered Mines 1766 | -9/Mines | Lost 3 parts (2n1u) 1841 | -9/Mines | Learned Materials stockpile data 1910 | -9/Mines | Discovered new exit (range 15) 1986 | -9/Mines | Received a Mining Laser from a helpful Derelict 2159 | -9/Mines | Entered Materials 2159 | -8/Materials | Accompanied by 1 ally 2159 | -8/Materials | Evolved 4 slots: Propulsion x2, Utility x2 2220 | -8/Materials | DAS Turret deployed 2420 | -8/Materials | Met 7R-MNS 2482 | -8/Materials | Central database locked down 2499 | -8/Materials | Discovered new exit (range 10) 2726 | -8/Materials | Discovered new exit (range 16) 2784 | -8/Materials | Build established: Hacker-Sprinter 2824 | -8/Materials | Entered Factory 2824 | -7/Factory | Evolved 2 slots: Propulsion x1, Weapon x1 2825 | -7/Factory | Caught up to 7R-MNS 2921 | -7/Factory | Discovered new exit (range 10) 2923 | -7/Factory | Identified exit to Storage 2923 | -7/Factory | Identified exit to Lower Caves 3011 | -7/Factory | Fabricated S-27 Virus? 3331 | -7/Factory | Repaired Prc. Assault Rifle 3623 | -7/Factory | P-60 Hacker assimilated allied Guardian 4a 3777 | -7/Factory | Build established: Sprinter 3799 | -7/Factory | Repaired Imp. VTOL Module 3818 | -7/Factory | Discovered new exit (range 9) 3877 | -7/Factory | Discovered new exit (range 11) 3906 | -7/Factory | Discovered new exit (range 3) 4625 | -7/Factory | Entered another Factory area 4625 | -6/Factory | Evolved 2 slots: Power x1, Utility x1 4626 | -6/Factory | Caught up to 7R-MNS 4939 | -6/Factory | Fabricated Cld. VTOL Module? 4969 | -6/Factory | Build established: Hacker-Sprinter 4975 | -6/Factory | First assault squad dispatched 4997 | -6/Factory | Repaired Cld. VTOL Module? 5014 | -6/Factory | Central database locked down 5018 | -6/Factory | Fabricated Cld. VTOL Module? 5162 | -6/Factory | Attacked by 7R-MNS 5165 | -6/Factory | Fabricated P-60 Hacker? 5193 | -6/Factory | 7R-MNS lamented failing the tripod run 5193 | -6/Factory | Destroyed 7R-MNS 5211 | -6/Factory | Discovered new exit (range 7) 5314 | -6/Factory | Spotted B-75 Beast 5324 | -6/Factory | Lost 4 parts (1p2n1u) 5410 | -6/Factory | Identified exit to Garrison 5441 | -6/Factory | Garrison activated, responded to threat 5489 | -6/Factory | Fabricated P-60 Hacker? 5489 | -6/Factory | DAS Turret deployed 5670 | -6/Factory | Lost 3 parts (1n2w) 5761 | -6/Factory | Core integrity fell below 50% 5788 | -6/Factory | Lost 5 parts (1p3n1w) 5833 | -6/Factory | Garrison activated, responded to threat 6135 | -6/Factory | Lost 6 parts (3n2u1w) 6146 | -6/Factory | Entered Garrison 6168 | -6/Garrison | Spotted B-75 Beast 6182 | -6/Garrison | Spotted B-86 Titan 6185 | -6/Garrison | Rewired B-86 Titan 6192 | -6/Garrison | Allies destroyed B-75 Beast 6200 | -6/Garrison | Destroyed B-86 Titan 6255 | -6/Garrison | Rewired B-75 Beast 6399 | -6/Garrison | Build established: Mutant 6413 | -6/Garrison | Triggered checkpoint 6504 | -6/Garrison | Garrison Relay disabled 6658 | -6/Garrison | Triggered checkpoint 6662 | -6/Garrison | Triggered checkpoint 6858 | -6/Garrison | Triggered checkpoint 6920 | -6/Garrison | Garrison Relay disabled 6946 | -6/Garrison | Discovered new exit (range 13) 6963 | -6/Garrison | Installed Relay Interface Framework 7021 | -6/Garrison | Triggered checkpoint 7101 | -6/Garrison | Garrison Relay disabled 7104 | -6/Garrison | Triggered checkpoint 7138 | -6/Garrison | Garrison Relay disabled 7181 | -6/Garrison | Discovered new exit (range 13) 7318 | -6/Garrison | Build established: Scavenger-Gunner 7333 | -6/Garrison | Core integrity fell below 20% 7393 | -6/Garrison | Discovered new exit (range 12) 7780 | -6/Garrison | Spotted B-75 Beast 7946 | -6/Garrison | Destroyed B-75 Beast 8037 | -6/Garrison | Found Gamma Bomb Array 8078 | -6/Garrison | Found Relay Coupler [Proto] 8080 | -6/Garrison | Found Relay Coupler [Proto] 8084 | -6/Garrison | Found Relay Coupler [Proto] 8255 | -6/Garrison | Entered Factory 8322 | -6/Factory | Build established: Scavenger-Mutant 8352 | -6/Factory | Identified exit to DSF 8352 | -6/Factory | Entered DSF 8371 | -6/DSF | Additional patrols routed to DSF 8383 | -6/DSF | DAS Turret deployed 8410 | -6/DSF | Lost 4 parts (2p1u1w) 8506 | -6/DSF | Sterilization system engaged 8517 | -6/DSF | Discovered new exit (range 16) 8526 | -6/DSF | Ambient heat levels rising (+10) 8541 | -6/DSF | Ambient heat levels rising (+10) 8556 | -6/DSF | Ambient heat levels rising (+10) 8571 | -6/DSF | Ambient heat levels rising (+10) 8572 | -6/DSF | Entered Factory 8572 | -5/Factory | Evolved 2 slots: Utility x2 8768 | -5/Factory | Identified exit to Upper Caves 8893 | -5/Factory | Build established: Gunner 8941 | -5/Factory | Discovered new exit (range 8) 9017 | -5/Factory | Discovered new exit (range 3) 9061 | -5/Factory | Repaired Lgt. Fission Core 9172 | -5/Factory | First assault squad dispatched 9430 | -5/Factory | Build established: Hacker-Skirmisher 9689 | -5/Factory | Fabricated P-60 Hacker? 9705 | -5/Factory | Fabricated P-60 Hacker (x2) 9719 | -5/Factory | Hacker 6d assimilated hostile G-50 Soldier 9732 | -5/Factory | Hacker 6d assimilated hostile I-47 Archangel 9772 | -5/Factory | Fabricated P-60 Hacker (x2) 9840 | -5/Factory | Fabricated P-60 Hacker? 9941 | -5/Factory | Fabricated P-60 Hacker? 9949 | -5/Factory | Hacker 6j assimilated hostile H-66 Slayer 10048 | -5/Factory | High security lockdown imminent 10099 | -5/Factory | Garrison activated, responded to threat 10128 | -5/Factory | High security lockdown engaged 10136 | -5/Factory | Lost 3 parts (2n1w) 10138 | -5/Factory | Lost 5 allies 10164 | -5/Factory | Hacker 6c assimilated hostile G-50 Soldier 10193 | -5/Factory | Fabricated P-60 Hacker? 10194 | -5/Factory | Hacker 6e assimilated hostile L-41 Fighter 10203 | -5/Factory | Hacker 6k assimilated hostile G-67 Veteran 10206 | -5/Factory | Hacker 6k assimilated hostile I-47 Archangel 10210 | -5/Factory | Hacker 6l assimilated hostile L-41 Fighter 10220 | -5/Factory | Lost 3 allies 10299 | -5/Factory | Lost 6 allies 10313 | -5/Factory | Found Corrupted Prototype Device 10313 | -5/Factory | Identified Active Sensor Suite 10321 | -5/Factory | Lost 4 parts (1p2n1w) 10341 | -5/Factory | System corruption reached 10% 10395 | -5/Factory | Entered Upper Caves 10409 | -5/Upper Caves | Lost 5 parts (2p2n1u) 10478 | -5/Upper Caves | Spotted B-75 Beast 10551 | -5/Upper Caves | Core integrity fell below 50% 10566 | -5/Upper Caves | Build established: Hacker-Sprinter 10584 | -5/Upper Caves | Destroyed B-75 Beast 10627 | -5/Upper Caves | Attracted the attention of an 0b10 checkpoint 10685 | -5/Upper Caves | Discovered new exit (range 12) 10692 | -5/Upper Caves | Learned Factory trap positions 10694 | -5/Upper Caves | Entered another Upper Caves area 10752 | -5/Upper Caves | Encountered a Warlord checkpoint 10882 | -5/Upper Caves | Lost 3 allies 10894 | -5/Upper Caves | Learned 4 Factory zone layouts 10912 | -5/Upper Caves | Learned 12 Factory zone layouts 10941 | -5/Upper Caves | Discovered new exit (range 9) 10944 | -5/Upper Caves | Entered Zhirov 10944 | -5/Zhirov | Discovered new exit (range 3) 10951 | -5/Zhirov | Met Zhirov 10957 | -5/Zhirov | Learned location of Quarantine (-2) 10957 | -5/Zhirov | Learned location of Testing (-3) 10957 | -5/Zhirov | Learned location of Command (-1) 10965 | -5/Zhirov | Zhirov requested help retrieving the SGEMP Prototype 10970 | -5/Zhirov | Found Alien Artifact 10970 | -5/Zhirov | Identified Integrated Reactor 10970 | -5/Zhirov | Installed Integrated Reactor, increased core energy generation (+10) 11006 | -5/Zhirov | Found Alien Artifact 11017 | -5/Zhirov | Entered Proximity Caves 11050 | -4/Proximity Caves | Spotted B-86 Titan 11117 | -4/Proximity Caves | Discovered new exit (range 5) 11127 | -4/Proximity Caves | Entered Factory 11127 | -4/Factory | Evolved 2 slots: Utility x2 11128 | -4/Factory | Identified exit to Upper Caves 11128 | -4/Factory | Identified exit to Research 11128 | -4/Factory | Identified exit to Extension 11129 | -4/Factory | Loaded intel: 93 trap records 11171 | -4/Factory | Found Mni. Smartbomb Launcher 11244 | -4/Factory | Discovered exit to Extension (range 15) 11300 | -4/Factory | Fabricated Adv. Target Analyzer? 11306 | -4/Factory | Destroyed 10 combat bots 11412 | -4/Factory | Central database locked down 11425 | -4/Factory | Build established: Wizard-Sprinter 11442 | -4/Factory | Fabricated P-60 Hacker? 11515 | -4/Factory | Destroyed 8 combat bots 11591 | -4/Factory | Lost 5 parts (1p2n1u1w) 11627 | -4/Factory | First assault squad dispatched 11694 | -4/Factory | Identified Transdimensional Reconstructor 11743 | -4/Factory | Build established: Wizard-Mutant 11759 | -4/Factory | Identified exit to Armory 11819 | -4/Factory | Spotted B-86 Titan 11865 | -4/Factory | Lost 4 parts (3n1u) 12065 | -4/Factory | Sucked down chute 12065 | -4/Factory | Entered Waste 12075 | -4/Waste | Spotted C-40 Crusher 12076 | -4/Waste | Spotted C-40 Crusher 12079 | -4/Waste | Spotted C-40 Crusher 12080 | -4/Waste | EMP discharged 12080 | -4/Waste | Spotted C-40 Crusher 12083 | -4/Waste | Spotted C-40 Crusher 12093 | -4/Waste | Spotted C-40 Crusher 12094 | -4/Waste | Discovered new exit (range 10) 12098 | -4/Waste | Entered Factory 12132 | -4/Factory | Spotted B-86 Titan 12133 | -4/Factory | Build established: Hacker-Mutant 12161 | -4/Factory | Core integrity fell below 50% 12185 | -4/Factory | Warped through subspace 12342 | -4/Factory | Fabricated P-70 Sage? 12398 | -4/Factory | Repaired Field Propulsion Drive 12430 | -4/Factory | Repaired Impulse Thruster 12604 | -4/Factory | Fabricated Q-thruster (x2) 12692 | -4/Factory | Found Prototype Hackware 12692 | -4/Factory | Identified Exp. Hacking Suite 12732 | -4/Factory | Build established: Wizard-Sprinter 12780 | -4/Factory | Fabricated P-70 Sage? 12967 | -4/Factory | Core integrity fell below 20% 12970 | -4/Factory | Fabricated P-70 Sage? 12994 | -4/Factory | Lost 3 parts (3n) 13039 | -4/Factory | Lost 3 parts (3n) 13066 | -4/Factory | Discovered exit to Research (range 15) 13098 | -4/Factory | First assault squad dispatched 13119 | -4/Factory | Discovered exit to Extension (range 6) 13121 | -4/Factory | Entered Extension 13135 | -4/Extension | Identified exit to Cetus 13275 | -4/Extension | Rescued A7 13317 | -4/Extension | Rescued a captive Derelict 13317 | -4/Extension | Rescued a captive Derelict 13346 | -4/Extension | Disrupted transfer network 13771 | -4/Extension | Spotted B-86 Titan 13791 | -4/Extension | Allies destroyed B-86 Titan 13793 | -4/Extension | Spotted B-86 Titan 13798 | -4/Extension | Allies destroyed B-86 Titan 13837 | -4/Extension | Lost 7 allies 13843 | -4/Extension | Rescued a captive Derelict 13843 | -4/Extension | Rescued a captive Derelict 13959 | -4/Extension | Lost 4 allies 14002 | -4/Extension | Rescued a captive Derelict 14172 | -4/Extension | Lost 3 allies 14183 | -4/Extension | Discovered exit to Research (range 10) 14250 | -4/Extension | Disrupted transfer network 14252 | -4/Extension | Entered Cetus 14252 | -4/Cetus | Accompanied by 17 allies (A7) 14257 | -4/Cetus | Acquired a Cetus Manufacturing Module code from A7 14264 | -4/Cetus | Spotted Cetus Guard 14276 | -4/Cetus | Spotted Cetus Guard 14277 | -4/Cetus | Allies destroyed Cetus Guard 14278 | -4/Cetus | Spotted Cetus Guard 14278 | -4/Cetus | Spotted Cetus Guard 14300 | -4/Cetus | Allies destroyed Cetus Guard 14303 | -4/Cetus | Allies destroyed Cetus Guard 14306 | -4/Cetus | Allies destroyed Cetus Guard 14330 | -4/Cetus | Lost 12 allies 14372 | -4/Cetus | Started Cetus Manufacturing Module 14378 | -4/Cetus | Escorted A7 to Cetus Mainframe 14385 | -4/Cetus | Discovered new exit (range 15) 14397 | -4/Cetus | Manufactured an Enhanced Grunt 14422 | -4/Cetus | Manufactured an Enhanced Grunt 14447 | -4/Cetus | Manufactured an Enhanced Grunt 14472 | -4/Cetus | Manufactured an Enhanced Grunt 14497 | -4/Cetus | Manufactured an Enhanced Grunt 14573 | -4/Cetus | Spotted Cetus Guard 14573 | -4/Cetus | Spotted Cetus Guard 14573 | -4/Cetus | Spotted Cetus Guard 14574 | -4/Cetus | Spotted Cetus Guard 14581 | -4/Cetus | Allies destroyed Cetus Guard 14590 | -4/Cetus | Allies destroyed Cetus Guard 14598 | -4/Cetus | Allies destroyed Cetus Guard 14600 | -4/Cetus | Allies destroyed Cetus Guard 14602 | -4/Cetus | Discovered exit to Research (range 15) 14609 | -4/Cetus | Met Revision 17 14617 | -4/Cetus | Lost 3 parts (1p2u) 14626 | -4/Cetus | Lost 5 allies 14657 | -4/Cetus | Entered Archives 14657 | -4/Archives | Accompanied by 5 allies (A7) 14662 | -4/Archives | Received a hacking code to weaken MAIN.C 14718 | -4/Archives | Discovered new exit (range 16) 14720 | -4/Archives | Discovered new exit (range 15) 14745 | -4/Archives | Entered Hub_04(d) 14745 | -4/Hub_04(d) | Accompanied by 3 allies 14826 | -4/Hub_04(d) | Spotted B-86 Titan 14880 | -4/Hub_04(d) | Build established: Hacker-Sprinter 14949 | -4/Hub_04(d) | Entered Research 14949 | -3/Research | Accompanied by 1 ally 14949 | -3/Research | Evolved 2 slots: Propulsion x1, Utility x1 14967 | -3/Research | Found Prototype Launcher 14967 | -3/Research | Identified Tactical Quantum Warhead 14986 | -3/Research | Identified exit to Research 14986 | -3/Research | Identified exit to Testing 15071 | -3/Research | Spotted B-86 Titan 15149 | -3/Research | Revision forces began assault on 0b10 15296 | -3/Research | Found Centrium Heavy Armor Plating 15335 | -3/Research | Met up with Revision 17++ 15568 | -3/Research | Build established: Hacker-Gunner 15649 | -3/Research | Research terminal network offline 15733 | -3/Research | Spotted Executioner 15739 | -3/Research | Spotted Striker 15747 | -3/Research | Destroyed Executioner 15910 | -3/Research | Entered Testing 15911 | -3/Testing | Maximum security lockdown engaged 16097 | -3/Testing | Spotted Executioner 16151 | -3/Testing | Spotted Investigator 16151 | -3/Testing | Spotted Alpha 7 16151 | -3/Testing | Spotted Striker 16156 | -3/Testing | Destroyed 20 combat bots 16159 | -3/Testing | Scanned by Researcher 16168 | -3/Testing | Spotted Executioner 16169 | -3/Testing | Core integrity fell below 50% 16195 | -3/Testing | Core integrity fell below 20% 16197 | -3/Testing | Destroyed by G-67 Veteran with Plasma Rifle Last Messages --------------- 16188_ S-43 Plague stasis bubble strength at 90. 16188_ Acquired Xenon Bombardment Thruster. 16189_ S-43 Plague stasis bubble strength at 85. 16190_ The unstable cave ceiling collapses. 16190_ Xenon Bombardment Thruster destroyed. 16190_ Slug penetrates Wall. 16191_ E-15 Imp destroyed. 16191_ M-36 Artificer repairs Helical Railgun. 16192_ The unstable cave ceiling collapses. 16192_ Acquired 20 matter. 16193_ Acquired Cesium-ion Thruster. 16193_ Penetrated by Slug. 16193_ S-43 Plague stasis bubble strength at 80. 16194_ G-67 Veteran destroyed. 16195_ Cesium-ion Thruster destroyed. 16195_ Penetrated by Slug. 16196_ S-43 Plague destroyed. 16196_ Slug penetrates P-80 Master. 16196_ P-80 Master suffers critical hit (Destroy). 16196_ Acquired 113 matter. Map ----- +----------------------------------------------------+ | | | | | ?????????????????????????????????????????????????? | | ?????????????????????????????????????????????????? | | ?????????????????????????????????????????????????? | | ?????????????????????????????????????????????????? | | ?????????????????????????????????????????????????? | | ?????????????????????????????????????????????????? | | ?????????????????????????????????????????????????? | | ?????????????????????????????????????????????????? | | ?????????????????????????????????????????????????? | | ????????????????????????#????????????????????????? | | ???????????????????????"T""??????????????????????? | | ???????????????????????" """?????????????????????? | | ??????????????????????? ?????????????????????? | | ??????????????????????? ?????????????????????? | | ????????????????"??#"""" ??????????????????????? | | ????????????? c"""?#"""" ??????????????????????? | | ????????????" """ # """ ??????????????????????? | | ???????????? # ??????????????????????? | | ??????????? # # # #####+###??????????????? | | ?# ???????? ???????????????? | | ?# ?????? ?????????????????? | | ?# ?????? ???????????????????? | | ## ?????? ?????????????????????? | | "" ??????### # %@##?????????????????????? | | ?###??# #??????????????g??????? | | ## #??# # ;######????????????????? | | %## ##### %[ % i #???????g????????? | | ## "#"## *# p #????????????????? | | ! ggp K i#????????????????? | | %* * pp pb #????????????????? | | [ !! # / #hh #??7?????????????? | | = ! !! ####Ebh #????????????????? | | ! ! g; ##??# hhh#????????????????? | | = ;;######gh! ## [#??????????? | | # */ % =l%/%l=*; ]#??????????? | | # E "";;;;%######!i%% + [#??????????? | | [[ " " """?????# " ##T ###??????????? | | # ## " """R"#????##+###????????????????? | | # ####h#"" "####???????????????????????? | | # ## p #???????????????????????? | | # # ### [ #???????????????????????? | | ?# #???????????????????????? | | % " #?# """ """ #???????????????????????? | | "%" # #??# """ """ #???????????????????????? | | = # #??# """ """ #???????????????????????? | | !/ ! #?? #???# #???????????????????????? | | # ][ #??#%!#???# [ = #???????????????????????? | | #??#% #??######+#####???????????????????????? | +----------------------------------------------------+ Best States ------------- Heat Dissipation 155 Energy Generation 39 Energy Capacity 340 Matter Stores 300 Matter Capacity 300 Sight Range 18 Robot Scan Range 20 Terrain Scan Range 16 Terrain Scan Density 10 Additional Mass Support 9 Corruption Containment 12 Armor Coverage 825 Resistance: KI 10 Propulsion Shielding 66 Weapon Cycling 20 Phase Shifting 10 Evasion (%) 74 Targeting Accuracy 11 Melee Accuracy 5 Target Analysis 11 Core Analysis 9 Armor Integrity Analysis 40 Recoil Reduction 12 Matter Filtering 50 Kinecelleration 40 Salvage Targeting 1 Offensive Hacking 42 Defensive Hacking 52 Authchip Count 4 Item Schematics ----------------- Cld. VTOL Module | -8/Materials | Scanalyzed Prc. Assault Rifle | -8/Materials | Scanalyzed Lgt. Angular Momentum Engine | -7/Factory | Scanalyzed Remote Datajack | -7/Factory | Hacked Imp. Heavy Machine Gun | -6/Factory | Scanalyzed Impulse Thruster Array | -5/Factory | Scanalyzed Imp. Kinecellerator | -5/Factory | Scanalyzed Antimatter Cannon | -5/Factory | Scanalyzed Cld. Nuclear Pulse Thruster | -5/Factory | Scanalyzed Gamma Bomb Array | -5/Factory | Scanalyzed Exp. Heat Sink | -5/Zhirov | Free Assault Drone Bay | -5/Zhirov | Free Exp. Optical Array | -5/Zhirov | Free Imp. Arc Thrower | -5/Zhirov | Free Enh. Fission Core | -4/Factory | Scanalyzed Mni. Smartbomb Launcher | -4/Factory | Scanalyzed Mak. Kinetic Plating | -4/Factory | Scanalyzed Adv. Cooling System | -4/Factory | Scanalyzed Imp. Antigrav System | -4/Factory | Hacked Helical Railgun | -4/Factory | Hacked Adv. Remote Datajack | -4/Factory | Hacked Point Defense Array | -4/Factory | Hacked Impulse Thruster | -4/Factory | Scanalyzed Adv. Recalibrator | -4/Extension | Hacked Fusion Bomb Launcher | -4/Extension | Hacked Tactical Quantum Warhead | -3/Research | Scanalyzed Centrium Medium Armor Plating | -3/Research | Scanalyzed Robot Schematics ------------------ M-14 Sweeper | -6/Factory | Hacked P-60 Hacker | -6/Factory | Hacked P-70 Sage | -4/Factory | Hacked O-32 Director | -4/Factory | Hacked O-24 Administrator | -4/Extension | Hacked Y-54 Guardian | -4/Extension | Hacked Fabricated ------------ S-27 Virus | x4 | -7/Factory | Preloaded Cld. VTOL Module | x1 | -6/Factory Cld. VTOL Module | x1 | -6/Factory P-60 Hacker | x2 | -6/Factory | Authchip P-60 Hacker | x2 | -6/Factory | Authchip P-60 Hacker | x2 | -5/Factory | Authchip P-60 Hacker | x2 | -5/Factory | Authchip P-60 Hacker | x2 | -5/Factory | Authchip P-60 Hacker | x2 | -5/Factory | Authchip P-60 Hacker | x2 | -5/Factory P-60 Hacker | x2 | -5/Factory Adv. Target Analyzer | x2 | -4/Factory | Preloaded P-60 Hacker | x2 | -4/Factory P-70 Sage | x2 | -4/Factory Q-thruster | x2 | -4/Factory | Preloaded P-70 Sage | x2 | -4/Factory P-70 Sage | x2 | -4/Factory Alien Tech Used ----------------- Integrated Reactor Transdimensional Reconstructor Achievements -------------- None Challenges ------------ None Game ------ Seed SuspensionBoltCloak Manual? 0 Play Time 06:09:40 Cumulative 459.8 hours Start 2024.08.30 @ 15:50:37 End 2024.08.31 @ 15:44:52 Sessions 5 Manual Loads 0 Difficulty Rogue Special Mode None Game No. 170 Rogue 170 Adventurer 0 Explorer 0 Win Type - Total 4 Types 0/0/2/2/0/0/0/0/0 Lore% 46 Gallery% 75 Achievement% 66 Wizard Run 0 Options --------- Layout 0 ASCII 0 Keyboard 1 Movement Arrows Keybinds 0 Fullscreen 1 Font 12/Proggy Map View 83x54 Zoom Use 0% Tactical HUD 1 Map Filters NONE Filters NONE Steam 0 RUN: e32938b7-5f3b-466c-8382-910631892752